 Dungeon Crawl Stone Soup version 0.14.0-17-gc0b17a5 (webtiles) character file.

5375 Infinimo the Conjurer (level 10, 0/62 HPs)
             Began as a Grey Draconian Conjurer on Apr 18, 2014.
             Was a Follower of Vehumet.
             Shot with an arrow by a centaur warrior (29 damage)
             ... on Level 9 of the Dungeon.
             The game lasted 00:47:09 (13852 turns).

Infinimo the Conjurer (Grey Draconian Conjurer)    Turns: 13852, Time: 00:47:09

HP   0/62        AC 19     Str  8      XL: 10   Next: 30%
MP   4/20        EV 12     Int 17      God: Vehumet [*.....]
Gold 347         SH  0     Dex 15      Spells:  4 memorised,  4 levels left

rFire  . . .     SeeInvis .     j - +3 dagger (protect)
rCold  . . .     Clarity  +     (armour unavailable)
rNeg   + . .     Conserve .     (no shield)
rPois  .         rCorr    .     (helmet restricted)
rElec  .         rRot     .     y - +0 cloak
SustAb . .       Spirit   .     h - +0 pair of gloves
rMut   .         Warding  +     (no boots)
Saprov . . .     Stasis   .     d - amulet of warding
MR     .....                    (no ring)
                                L - ring of Pnesom {Dex+2 Int+1 Stlth}

@: very slightly contaminated, not resistant to hostile enchantments, fairly
stealthy
A: walk through water, unfitting armour, clarity, dopey 1, herbivore 1, frail 1,
weak 1, unbreathing, AC +12
a: Renounce Religion


You were on level 9 of the Dungeon.
You worshipped Vehumet.
Vehumet was aware of your devotion.
You were not hungry.

You visited 2 branches of the dungeon, and saw 10 of its levels.

You collected 347 gold pieces.

Inventory:

Hand weapons
 j - a +3,+3 dagger of protection (weapon)
Armour
 h - a +0 pair of gloves (worn)
 y - a +0 cloak (worn)
Magical devices
 G - a wand of random effects (8) {unknown}
 J - a wand of confusion (7) {unknown}
Comestibles
 b - 25 strawberries
 m - a bread ration
 n - 4 meat rations
 u - 13 chokos
 w - a slice of pizza
 z - 4 pears
 A - a sausage
 M - a chunk of wyvern flesh
Scrolls
 a - a scroll of random uselessness
 s - 4 scrolls of remove curse
 t - 2 scrolls of magic mapping
 I - a scroll of fog
Jewellery
 d - an amulet of warding (around neck)
 x - the cursed amulet of the Air {Inacc +Fly rElec EV+5 RMsl}
   (You found it on level 4 of the Dungeon)

   [amulet of inaccuracy]

   It affects your evasion (+5).
   It insulates you from electricity.
   It lets you fly.
   It protects you from missiles.
   It has a curse placed upon it.
 L - the ring of Pnesom (left hand) {Dex+2 Int+1 Stlth}
   (You found it on level 8 of the Dungeon)

   [ring of intelligence]

   It affects your intelligence (+1).
   It affects your dexterity (+2).
   It makes you more stealthy.
Potions
 e - 10 potions of curing
 g - 5 potions of haste
 i - a potion of agility
 k - a potion of confusion
 l - 2 potions of might
 o - a potion of restore abilities
 r - a potion of flight
 v - a potion of berserk rage
 B - a potion of cure mutation
 C - 2 potions of invisibility
 D - a potion of brilliance {unknown}
 E - a potion of beneficial mutation {unknown}
 F - 2 potions of poison
 K - a potion of heal wounds
Books
 c - a book of Conjurations

   Spells                             Type                      Level
   *Magic Dart                        Conjuration                  1
   Searing Ray                        Conjuration                  2
   Dazzling Spray                     Conjuration/Hexes            3
   Fulminant Prism                    Conjuration/Hexes            4
   *Iskenderun's Mystic Blast         Conjuration                  4
   *Iskenderun's Battlesphere         Conjuration/Charms           5
 p - a book of Debilitation

   Spells                             Type                      Level
   Corona                             Hexes                        1
   Slow                               Hexes                        2
   Inner Flame                        Hexes/Fire                   3
   Enslavement                        Hexes                        4
   Cause Fear                         Hexes                        4
   Leda's Liquefaction                Hexes/Earth                  4
 q - a book of Frost

   Spells                             Type                      Level
   Freeze                             Ice                          1
   Throw Frost                        Conjuration/Ice              2
   Ozocubu's Armour                   Charms/Ice                   3
   Throw Icicle                       Conjuration/Ice              4
   Summon Ice Beast                   Ice/Summoning                4
   Condensation Shield                Ice                          4
 H - a book of Dreams

   Spells                             Type                      Level
   Ensorcelled Hibernation            Hexes/Ice                    2
   *Flight                            Charms/Air                   3
   Phase Shift                        Translocation                5
   Shadow Creatures                   Summoning                    5
   Mass Confusion                     Hexes                        6
   Darkness                           Hexes                        7


   Skills:
 - Level 1.7 Dodging
 - Level 1.7 Stealth
 - Level 4.1 Spellcasting
 + Level 12.7 Conjurations
 - Level 7.1 Charms


You had 4 spell levels left.
You knew the following spells:

 Your Spells              Type           Power        Failure   Level  Hunger
a - Magic Dart            Conj           ####         1%          1    None
b - Iskenderun's Battles  Conj/Chrm      #####...     10%         5    #####..
c - Iskenderun's Mystic   Conj           #####...     1%          4    ####...
d - Flight                Chrm/Air       ###.......   12%         3    ###....


Dungeon Overview and Level Annotations

Branches:
Dungeon (9/15)             Temple (1/1) D:5            Lair (0/8) D:8
    Orc: D:9-12

Altars:
Ashenzari
Cheibriados
Dithmenos
Elyvilon
Fedhas
Kikubaaqudgha
Makhleb
Nemelex Xobeh
Okawaru
Sif Muna
Trog
Vehumet
Xom
Yredelemnul
Zin
The Shining One

Annotations:
D:3 Edmund
D:5 Grinder


Innate Abilities, Weirdness & Mutations

You can walk through water.
Your dull iron-grey scales are very hard (AC +12).
Your body does not fit into most forms of armour.
Your cold-blooded metabolism reacts poorly to cold.
You can survive without breathing.
You possess an exceptional clarity of mind.
You are dopey. (Int -2)
You digest meat inefficiently.
You are frail (-10% HP).
You are weak. (Str -2)


Message History

The centaur warrior shoots an arrow.
The arrow hits you!
* * * LOW HITPOINT WARNING * * *
You see here an arrow.
Read which item? (? for menu, Esc to quit)
Okay, then.
Unknown command.
Drink which item? (? for menu, Esc to quit)
You feel much better.
The centaur warrior unwields an uncursed bow.
The centaur warrior hits your battlesphere!
The shadow imp grins evilly.
You swap places.
The centaur warrior hits you.
The shadow imp shouts, "Decamp, thou fulsome nut-hook clam!"
The centaur warrior hits you!
The shadow imp throws its arms wide.
The dead are hopping!
A giant frog zombie comes into view.
The centaur warrior wields an uncursed bow.
The centaur warrior shoots an arrow.
The arrow hits you!
You die...

#.......# ##.# #.......#
#..... #.......# #.....
#.......###....# ..
#.............. ..
#.......##...# ..#
###.###.##...#######..#
##
#.###.#....#..#..#..#..#
#.##.......@..#........#
#.##.......z.###.....Y#
#.##....###..c5((##
#.##.....#...Z*..(#
#.##..#..#..#..#.(#
#.##..#######..####
#.###.# #..# #.. .... .
......


You could see a centaur warrior, a shadow imp, a giant frog zombie and a wyvern
zombie.

Vanquished Creatures
  Pikel (D:7)
  An elephant (D:8)
  2 wyverns (D:9)
  An elephant slug (D:8)
  Eustachio (D:8)
  2 hungry ghosts
  A necrophage (D:8)
  2 ice beasts
  An ogre (D:4)
  3 orc warriors
  2 centaurs
  Sigmund (D:3)
  A crocodile (D:8)
  5 giant frogs
  2 big kobolds
  A gnoll sergeant (D:7)
  5 scorpions
  A hippogriff skeleton (D:6)
  3 crimson imps
  A goliath beetle (D:7)
  6 orc priests
  7 orc wizards
  A giant frog zombie (D:6)
  4 hounds
  7 iguanas
  A big kobold zombie (D:8)
  7 worker ants
  A sky beast zombie (D:9)
  2 mummies
  15 gnolls
  11 adders
  2 shadow imps
  5 worms
  3 adder zombies
  An orc zombie (D:6)
  2 adder skeletons
  2 giant eyeballs
  8 giant geckos
  2 oozes
  35 orcs
  4 ball pythons
  A bat skeleton (D:7)
  4 giant cockroaches
  19 goblins
  14 hobgoblins
  19 jackals
  18 kobolds
  3 quokkas
  13 bats
  7 giant newts
  A giant spore (D:6)
  A goblin skeleton (D:4)
  2 hobgoblin zombies (D:6)
  3 kobold zombies
  10 rats
  A rat skeleton (D:4)
  A rat zombie (D:6)
  14 ballistomycetes (D:6)
294 creatures vanquished.

Vanquished Creatures (others)
  A slave (D:8)
  A giant frog (D:8)
  A crocodile (D:8)
  An orc priest (D:8)
  An iguana (D:8)
  3 orcs (D:8)
  3 kobolds (D:8)
  A giant spore (D:6)
12 creatures vanquished.

Grand Total: 306 creatures vanquished

Notes
Turn   | Place    | Note
--------------------------------------------------------------
     0 | D:1      | Infinimo, the Draconian Conjurer, began the quest for the Orb.
     0 | D:1      | Reached XP level 1. HP: 14/14 MP: 3/3
   343 | D:1      | Reached XP level 2. HP: 20/20 MP: 2/4
  1164 | D:2      | Reached XP level 3. HP: 20/26 MP: 0/6
  1340 | D:2      | Reached skill level 5 in Conjurations
  1510 | D:2      | Found a white marble altar of Elyvilon.
  1527 | D:2      | Found a deep blue altar of Sif Muna.
  1991 | D:3      | Noticed Sigmund
  2176 | D:3      | Killed Sigmund
  2176 | D:3      | Reached XP level 4. HP: 25/33 MP: 1/9
  2176 | D:3      | Reached XP level 5. HP: 28/38 MP: 1/11
  2263 | D:3      | Learned a level 5 spell: Iskenderun's Battlesphere
  2474 | D:3      | Reached skill level 6 in Conjurations
  3288 | D:3      | Learned a level 4 spell: Iskenderun's Mystic Blast
  3436 | D:4      | Reached XP level 6. HP: 45/45 MP: 9/13
  4071 | D:4      | Noticed an ogre
  4095 | D:4      | Killed an ogre
  4095 | D:4      | Reached skill level 1 in Charms
  4292 | D:4      | Your scales start taking on a dull iron-grey colour.
  4292 | D:4      | Gained mutation: You can survive without breathing. [draconian maturity]
  4292 | D:4      | Reached XP level 7. HP: 50/50 MP: 2/17
  4491 | D:4      | Reached skill level 7 in Conjurations
  5002 | D:5      | Entered Level 5 of the Dungeon
  5105 | D:5      | Noticed Grinder
  5109 | D:5      | Paralysed by Grinder for 2 turns
  5123 | D:5      | Paralysed by Grinder for 3 turns
  5142 | D:5      | Noticed Edmund
  5648 | D:5      | Paralysed by a giant eyeball for 3 turns
  5660 | D:5      | Paralysed by Grinder for 6 turns
  5668 | D:5      | Paralysed by Grinder for 5 turns
  5709 | D:5      | Paralysed by Grinder for 3 turns
  5892 | D:5      | Found a burning altar of Makhleb.
  5892 | D:5      | Noticed a green death
  6382 | D:5      | Reached skill level 5 in Charms
  6522 | D:5      | Paralysed by Grinder for 6 turns
  6553 | D:5      | Paralysed by Grinder for 7 turns
  6602 | D:5      | Paralysed by Grinder for 3 turns
  6633 | D:5      | Found a staircase to the Ecumenical Temple.
  6986 | D:3      | Reached XP level 8. HP: 39/57 MP: 5/18
  7247 | D:5      | Found a burning altar of Makhleb.
  7657 | D:5      | Gained mutation: You possess an exceptional clarity of mind. [mutagenic glow]
  7694 | D:5      | Gained mutation: You are weak. (Str -2) [mutagenic glow]
  7734 | D:6      | Gained mutation: You are frail (-10% HP). [mutagenic glow]
  7758 | D:5      | Gained mutation: You are dopey. (Int -2) [mutagenic glow]
  7781 | D:5      | Gained mutation: You digest meat inefficiently. [mutagenic glow]
  9245 | D:6      | Reached skill level 8 in Conjurations
 10557 | D:7      | Reached XP level 9. HP: 40/55 MP: 4/19
 10763 | D:7      | Reached skill level 9 in Conjurations
 10786 | D:7      | Learned a level 3 spell: Flight
 11444 | D:8      | Found a staircase to the Lair.
 11444 | D:8      | Noticed an elephant
 11445 | D:8      | Noticed a death yak
 11556 | Temple   | Entered the Ecumenical Temple
 11799 | Temple   | Became a worshipper of Vehumet
 11930 | D:8      | Reached skill level 10 in Conjurations
 12204 | D:8      | Noticed Pikel
 12216 | D:7      | Killed Pikel
 12335 | D:8      | Killed an elephant
 12335 | D:8      | Reached skill level 11 in Conjurations
 12797 | D:8      | Reached XP level 10. HP: 62/62 MP: 10/20
 12926 | D:8      | Noticed Eustachio
 12934 | D:8      | Killed Eustachio
 12934 | D:8      | Reached skill level 12 in Conjurations
 13338 | D:8      | Acquired Vehumet's first power
 13338 | D:8      | Offered knowledge of Sting by Vehumet.
 13489 | D:8      | Got a vibrating steel ring
 13490 | D:8      | Identified the ring of Pnesom {Dex+2 Int+1 Stlth} (You found it on level 8 of the Dungeon)
 13793 | D:9      | Noticed a centaur warrior
 13852 | D:9      | Shot with an arrow by a centaur warrior

Action                   |  1- 3 |  4- 6 |  7- 9 | 10-12 || total
-------------------------+-------+-------+-------+-------++-------
Melee: Dagger            |    36 |    17 |   370 |       ||   423
 Cast: Magic Dart        |   105 |   167 |   702 |    72 ||  1046
       Iskenderun's Myst |       |       |     2 |       ||     2
       Iskenderun's Batt |       |       |    28 |    12 ||    40
  Use: Scroll            |     6 |     5 |    11 |     2 ||    24
       Potion            |       |       |     1 |     1 ||     2
